 Dungeon Crawl Stone Soup version 0.29-a0-613-gf2c431b9b9 (webtiles) character file.

Game seed: 14229242124133494931

227 Hubjo the Insei (level 5, -3/40 HPs)
             Began as a Demonspawn Transmuter on June 16, 2022.
             Was a Follower of Makhleb.
             Killed by divine providence
             ... invoked by an orc priest
              (11 damage)
             ... on level 4 of the Dungeon.
             The game lasted 00:04:32 (3786 turns).

Hubjo the Insei (Demonspawn Transmuter)             Turns: 3786, Time: 00:04:33

Health: -3/40      AC:  3    Str: 10    XL:     5   Next: 70%
Magic:  9/9        EV: 12    Int: 21    God:    Makhleb [*.....]
Gold:   170        SH:  4    Dex: 15    Spells: 4/9 levels left

rFire   . . .      SeeInvis .     - Unarmed
rCold   . . .      Faith    .   (no shield)
rNeg    . . .      Spirit   .   a - +0 robe
rPois   .          Reflect  .   (helmet currently unavailable)
rElec   .          Harm     .   g - +0 cloak {rCorr}
rCorr   +          Rampage  .   (no gloves)
Will    .....                   (boots currently unavailable)
Stlth   ++........              (no amulet)
HPRegen 0.13/turn               e - +6 ring of intelligence
MPRegen 0.22/turn               (no ring)

@: appendages (expiring)
A: horns 2, talons 2, large bone plates 1, magic regeneration
a: End Transformation, Renounce Religion


You were on level 4 of the Dungeon.
You worshipped Makhleb.
Makhleb was aware of your devotion.
You had temporarily grown beastly horns and talons.
You visited 1 branch of the dungeon, and saw 4 of its levels.

You collected 170 gold pieces.

Inventory:

Hand Weapons
 l - the +3 dagger of Wasil {drain, rF+ rCorr Dex-5}
   (You found it on level 2 of the Dungeon)

   A truly terrible weapon, it drains the life of any living foe it strikes.
   Dex:       It affects your dexterity (-5).
   rF:        It protects you from fire.
   rCorr:     It protects you from acid and corrosion.
Armour
 a - a +0 robe (worn)
 g - a +0 cloak of preservation (worn)
Jewellery
 e - a +6 ring of intelligence (left hand)
Wands
 b - a wand of flame (24)
Scrolls
 c - a scroll of enchant weapon {unknown}
 f - 2 scrolls of magic mapping {unknown}
 h - a scroll of fear {unknown}
 i - a scroll of identify {unknown}
 k - a scroll of enchant armour {unknown}
 m - a scroll of vulnerability {unknown}
 n - 2 scrolls of immolation
 p - 3 scrolls of teleportation
Potions
 d - a potion of might {unknown}
 j - 3 potions of curing
 o - 2 potions of magic {unknown}
 q - a potion of degeneration {unknown}


   Skills:
 + Level 2.8 Fighting
 - Level 1.7 Dodging
 + Level 2.1 Stealth
 + Level 3.3 Unarmed Combat
 + Level 2.8 Spellcasting
 * Level 3.0 Transmutations
 + Level 0.3 Ice Magic


You had 4 spell levels left.
You knew the following spells:

 Your Spells              Type           Power      Damage    Failure   Level
a - Beastly Appendage     Tmut           30%        N/A       3%          1
b - Ice Form              Ice/Tmut       10%        N/A       54%         4

Your spell library contained the following spells:

 Spells                   Type           Power      Damage    Failure   Level
 Wereblood                Tmut           15%        N/A       6%          2
 Apportation              Tloc           4%         N/A       14%         1
 Spider Form              Tmut/Pois      9%         N/A       22%         3
 Alistair's Intoxication  Tmut/Pois      6%         N/A       89%         5


Dungeon Overview and Level Annotations

Branches:
Dungeon (4/15)
 Temple: D:4-7

Altars:
Makhleb
Uskayaw


Innate Abilities, Weirdness & Mutations

You have temporarily grown beastly horns and talons.
You are partially covered in large bone plates. (SH +4)
You regenerate magic rapidly.


Message History

The orc is severely wounded.
You block the orc's attack.
You hit the orc.
You kill the orc!
Makhleb accepts your kill. The orc priest barely misses you.
The orc priest calls down the wrath of Beogh upon you.
Beogh smites you!
Things that are here:
a +0 club; a scroll labelled OHEFUNUHOE; an orc corpse You are too injured to fight recklessly!
You hit the orc priest but do no damage.
You block the orc priest's attack.
You hit the orc priest but do no damage.
You claw the orc priest, but do no damage.
You headbutt the orc priest.
The orc priest is moderately wounded.
The orc priest barely misses you. x2
You hit the orc priest. You claw the orc priest.
The orc priest is almost dead.
Your transformation is almost over.
The orc priest mumbles some strange prayers to Beogh against you.
Pain shoots through your body!
* * * LOW HITPOINT WARNING * * *
The orc priest barely misses you.
You hit the orc priest.
You kill the orc priest!
Makhleb accepts your kill. The orc priest hits you with a +0 club.
* * * LOW HITPOINT WARNING * * *
Your Transmutations skill increases to level 3!
Okay, then.
You hit the orc priest but do no damage.
Your kick misses the orc priest. Your headbutt misses the orc priest.
The orc priest hits you with a +0 club.
* * * LOW HITPOINT WARNING * * *
You feel better.
The orc priest calls down the wrath of Beogh upon you.
Beogh smites you!
You die...

#..... #.#
#.#.#. #.#
#.....# #.#
#.....# #.#
#.#.#.#
#.....#
#.....#
#o#)#.# .##
#.# #.@)..#
... #.#
#.....# ###
#.# #.#.#.#
#.# #.....#
#.# #.....# #
#.# #.#.#.# #
### #.#
#.....#
#####.###.#
#.....# ###
##........###
#.#.#.# ##.#


You could see an orc priest.

Vanquished Creatures
  2 orc priests (D:4)
  An orc wizard (D:3)
  6 adders
  A worm (D:2)
  3 dart slugs
  10 orcs
  2 bats
  5 endoplasms
  4 giant cockroaches
  9 goblins
  8 hobgoblins
  3 jackals (D:2)
  3 quokkas
  3 ball pythons
  3 frilled lizards
  2 kobolds
  6 rats
71 creatures vanquished.

Vanquished Creatures (others)
  A kobold (D:3)
1 creature vanquished.

Grand Total: 72 creatures vanquished

Notes
Turn   | Place    | Note
-------+----------+-------------------------------------------
     0 | D:1      | Hubjo the Demonspawn Transmuter began the quest for the
                  | Orb.
     0 | D:1      | Reached XP level 1. HP: 15/15 MP: 3/3
   329 | D:1      | Gained mutation: You regenerate magic rapidly. [demonic
                  | ancestry]
   329 | D:1      | Reached XP level 2. HP: 3/21 MP: 1/5
   866 | D:1      | You fall into a shaft and drop 1 floor!
  1065 | D:2      | Reached XP level 3. HP: 23/27 MP: 6/6
  1150 | D:2      | Found a burning altar of Makhleb.
  1232 | D:2      | Became a worshipper of Makhleb the Destroyer
  1444 | D:2      | Reached skill level 1 in Stealth
  1680 | D:2      | Identified the +3 dagger of Wasil {drain, rF+ rCorr Dex-5}
  1817 | D:3      | Found a faded altar of an unknown god.
  1850 | D:3      | Reached XP level 4. HP: 33/33 MP: 5/7
  2276 | D:3      | Reached * piety under Makhleb
  2696 | D:3      | Gained mutation: You are partially covered in large bone
                  | plates. (SH +4) [demonic ancestry]
  2696 | D:3      | Reached XP level 5. HP: 32/39 MP: 8/8
  2923 | D:3      | Found a hide-covered altar of Uskayaw.
  3622 | D:4      | Learned a level 4 spell: Ice Form
  3786 | D:4      | Killed from afar by an orc priest

Illustrated notes

Levels and vault maps discovered:
D:1:      psy_arrival_whirlpool, layout_basic
D:2:      layout_basic, basic_altar
D:3:      layout_rooms, mainiacjoe_overflow_surrounded_room,
          hellmonk_ecumenical_altar_inner_sanctum, hangedman_decor_peaks_small,
          st_stairs_7
D:4:      layout_loops_corners, columned_hall_lemuel

Skill      XL: |  1  2  3  4  5 |
---------------+----------------+-----
Transmutations | 2 3 |  3.0
Fighting       | 2 |  2.8
Unarmed Combat | 3 |  3.3
Stealth        | 1 2 |  2.1
Dodging        | |  1.7
Spellcasting   | |  2.8
Ice Magic      | |  0.3

Action                   |  1- 3 |  4- 6 || total
-------------------------+-------+-------++-------
Melee: Unarmed           |    93 |   132 ||   225
       Headbutt          |    16 |    17 ||    33
       Kick              |    16 |    27 ||    43
       Punch             |     1 |     4 ||     5
 Cast: Beastly Appendage |    25 |    18 ||    43
  Use: Potion            |     1 |     2 ||     3
       Scroll            |       |     3 ||     3
 Stab: Sleeping          |     2 |       ||     2
Armor: Robe              |    20 |    22 ||    42
       Skin              |    55 |       ||    55
Dodge: Dodged            |    46 |    78 ||   124
Block: Other             |       |    12 ||    12

Table legend: (Time is in decaauts)
 A = Elapsed time spent in this place.
 B = Non-inter-level travel time spent in this place.
 C = Inter-level travel time spent in this place.
 D = Time resting spent in this place.
 E = Time spent auto-exploring this place.
 F = Levels seen in this place.
 G = Mean time per level.
                   A        B        C        D        E       F      G
               +--------+--------+--------+--------+--------+-----+--------+
         Total |   3771 |   3723 |     48 |      0 |   3146 |   4 |  942.8 |
       Dungeon |   3771 |   3723 |     48 |      0 |   3146 |   4 |  942.8 |
               +--------+--------+--------+--------+--------+-----+--------+

Top non-repeatable levels by time:
     D:3: 1262 daAuts
     D:2: 909 daAuts
     D:1: 865 daAuts
     D:4: 735 daAuts
